 Dungeon Crawl Stone Soup version 0.28.0-1-gb440e238dd (webtiles) character file.

Game seed: 7014951167463160762

48 Cykl0x the Digger (level 3, -3/19 HPs)
             Began as a Gargoyle Earth Elementalist on Feb 22, 2022.
             Killed from afar by Sigmund (11 damage)
             ... with a puff of flame
             ... on level 1 of the Dungeon.
             The game lasted 00:04:07 (2103 turns).

Cykl0x the Digger (Gargoyle Earth Elementalist)     Turns: 2103, Time: 00:04:07

Health: -3/19      AC:  6    Str: 11    XL:     3   Next: 72%
Magic:  1/6        EV: 12    Int: 17    God:
Gold:   51         SH:  0    Dex: 10    Spells: 3/7 levels left

rFire   . . .      SeeInvis .   i - +0 rapier (freeze)
rCold   . . .      Faith    .   (no shield)
rNeg    + . .      Spirit   .   b - +0 robe
rPois   ∞          Reflect  .   h - +0 helmet
rElec   +          Harm     .   (no cloak)
rCorr   .          Rampage  .   (no gloves)
Will    .....                   (no boots)
Stlth   ++........              (no amulet)
HPRegen 0.06/turn               (no ring)
MPRegen 0.10/turn               (no ring)

@: no status effects
A: sickness immunity, AC +3, negative energy resistance 1, electricity
resistance, torment resistance 1, petrification resistance
a: no special abilities


You were on level 1 of the Dungeon.
You visited 1 branch of the dungeon, and saw 2 of its levels.

You collected 51 gold pieces.

Inventory:

Hand Weapons
 e - a +0 dagger
 i - a +0 rapier of freezing (weapon)
Missiles
 c - 3 stones
Armour
 a - a +0 ring mail
 b - a +0 robe (worn)
 h - a +0 helmet (worn)


   Skills:
 + Level 1.8 Dodging
 - Level 2.1 Stealth
 + Level 2.6 Spellcasting
 * Level 1.6 Conjurations
 - Level 0.7 Transmutations
 + Level 4.2 Earth Magic


You had 3 spell levels left.
You knew the following spells:

 Your Spells              Type           Power      Damage    Failure   Level
a - Sandblast             Erth           32%        2d9       3%          1
b - Stone Arrow           Conj/Erth      24%        3d8       16%         3

Your spell library contained the following spells:

 Spells                   Type           Power      Damage    Failure   Level
 Passwall                 Tmut/Erth      8%         N/A       10%         2
 Petrify                  Tmut/Erth      10%        N/A       54%         4


Dungeon Overview and Level Annotations

Branches:
Dungeon (2/15)

Altars:

Annotations:
D:1 Sigmund


Innate Abilities, Weirdness & Mutations

You are immune to sickness and miasma.
Your stone body is resilient. (AC +3)
You are immune to poison.
You resist negative energy. (rN+)
You are resistant to electric shocks. (rElec)
You are resistant to unholy torment.
You are immune to petrification.


Message History

Sigmund gestures wildly while chanting.
Sigmund flickers and vanishes!
Deactivating autopickup; reactivate with Ctrl-A.
There is an open door here.
You hear a zap.
A puff of flame appears from out of thin air!
The puff of flame hits you!
You see here 2 poisoned darts.
Sigmund appears from thin air!
Reactivating autopickup.
You hit the frilled lizard.
The frilled lizard seems to slow down.
You freeze the frilled lizard.
The frilled lizard is severely wounded.
The frilled lizard closely misses you.
Unknown command.
The frilled lizard is no longer moving slowly.
The blast of sand hits the frilled lizard!
You kill the frilled lizard!
Casting: Sandblast (safe; 3% risk of failure)
Confirm with . or Enter, or press ? or * to list all spells.
The spell is extremely dangerous to miscast (16% risk of failure)!
Continue anyway?
Aiming: Stone Arrow (extremely dangerous; 16% risk of failure)
Press: ? - help, Shift-Dir - straight line, f - Sigmund
Aim: Sigmund, wielding a +0 scythe, wearing a +0 robe and carrying a wand of flame (19) (moderately wounded, 64% to hit)
The stone arrow hits Sigmund!
Sigmund is severely wounded.
Sigmund points at you and mumbles some strange words.
The magic dart hits you. Sigmund barely misses you.
You hit Sigmund but do no damage.
Sigmund is severely wounded.
Sigmund closely misses you.
You barely miss Sigmund.
Sigmund is severely wounded.
You hit Sigmund but do no damage.
Sigmund is severely wounded.
Sigmund casts a spell at you. The puff of flame hits you!
Ouch! That really hurt!
You die...

'## #...# #.#
..######...# #.#
......##...# #.#
..........(# #.#
...........# #.#
.......#...# #.#
.≈.........# #.#
⌠≈.#..##..## #@#
.≈.#..##..# #@#
...#..##..# #.#
..##..##..######.#
.................#
..........########
...#..##.#############
...+.................#
......################
#.#.#.#


You could see Sigmund.

Vanquished Creatures
  An adder (D:2)
  2 dart slugs (D:1)
  5 ball pythons
  2 bats
  4 endoplasms (D:1)
  4 giant cockroaches
  2 goblins
  4 hobgoblins
  A quokka (D:1)
  A frilled lizard (D:1)
  3 kobolds
  2 rats (D:1)
31 creatures vanquished.

Vanquished Creatures (others)
  10 demonic plants (D:2)
  5 fungi (D:2)
  24 plants (D:2)
  2 withered plants (D:2)
41 creatures vanquished.

Grand Total: 72 creatures vanquished

Notes
Turn   | Place    | Note
-------+----------+-------------------------------------------
     0 | D:1      | Cykl0x the Gargoyle Earth Elementalist began the quest for
                  | the Orb.
     0 | D:1      | Reached XP level 1. HP: 10/10 MP: 3/3
   101 | D:1      | Reached XP level 2. HP: 6/15 MP: 0/5
   354 | D:1      | Reached skill level 4 in Earth Magic
   671 | D:1      | Reached skill level 1 in Conjurations
   707 | D:1      | Reached XP level 3. HP: 14/19 MP: 1/6
   711 | D:1      | Learned a level 3 spell: Stone Arrow
  1541 | D:2      | Found a faded altar of an unknown god.
  1714 | D:2      | Noticed Sigmund
  2103 | D:1      | Killed from afar by Sigmund

Illustrated notes

Levels and vault maps discovered:
D:1:      amcnicky_arrival_single_pillar, layout_basic,
          corexii_leaking_fountain, hangedman_decor_riveting,
          grunt_decor_resistance
D:2:      layout_basic, shapermc_ecumenical_altar_gd, basic_altar,
          serial_bayou_lake_a, uniq_terence, uniq_sigmund

Skill      XL: |  1  2 |
---------------+-------+-----
Earth Magic    | 4 |  4.2
Conjurations   | 1 |  1.6
Dodging        | |  1.8
Stealth        | |  2.1
Spellcasting   | |  2.6
Transmutations | |  0.7

Action                   || total
-------------------------++-------
Melee: Unarmed           ||     8
       Punch             ||     1
       Rapier            ||    12
 Cast: Sandblast         ||    27
       Stone Arrow       ||    12
  Use: Scroll            ||     5
Armor: Robe              ||    17
Dodge: Dodged            ||    42
